Map: Jagannatha LE

Players

Gerald

  • Race: Protoss Protoss

Strange - Winner!

  • Race: Protoss Protoss

Event: DreamHack SC2 Masters 2021 Fall

VOD

Have the link to the VOD?

Description

Time

  • Played on: Aug. 8, 2021, 11:35 a.m.
  • Length: 14:56

All games in this series

Show
View Real Time Build Order
Export as new Build Order

Gerald Protoss 

Build Orders: Oracle Opening 

Get SALT Encoding   

  12  0:00  Probe  
  13  0:12  Probe  
  14  0:16  Pylon  
  14  0:24  Probe (Chrono Boost)  
  16  0:37  Gateway, Probe (Chrono Boost)  
  16  0:42  Probe (Chrono Boost)  
  16  0:46  Assimilator  
  17  0:51  Probe  
  17  0:55  Assimilator  
  18  1:03  Probe (Chrono Boost)  
  19  1:12  Probe (Chrono Boost)  
  19  1:15  Gateway  
  19  1:17  Probe (Chrono Boost)  
  20  1:25  Cybernetics Core  
  21  1:29  Probe  
  22  1:35  Pylon  
  22  1:41  Probe  
  23  1:53  Probe  
  24  2:02  Adept  
  24  2:03  Adept, Warp Gate  
  24  2:06  Probe  
  29  2:10  Pylon  
  29  2:26  Probe  
  30  2:30  Stargate  
  30  2:33  Stalker  
  30  2:36  Stalker  
  33  2:42  Probe  
  34  2:57  Probe  
  35  3:00  Pylon  
  35  3:11  Oracle (Chrono Boost)  
  35  3:19  Probe  
  39  3:25  Nexus  
  39  3:31  Probe  
  40  3:38  Shield Battery  
  40  3:44  Oracle  
  43  3:55  Probe  
  42  3:58  Twilight Council  
  42  4:07  Probe  
  43  4:15  Shield Battery  
  43  4:21  Stalker x2  
  47  4:35  Forge  
  47  4:37  Probe  
  47  4:38  Probe  
  49  4:40  Blink (Chrono Boost)  
  49  4:49  Probe  
  50  4:54  Probe  
  48  5:01  Probe  
  48  5:04  Robotics Facility  
  48  5:06  Probe  
  50  5:11  Gateway  
  50  5:12  Protoss Ground Weapons Level 1  
  50  5:13  Probe  
  51  5:18  Adept, Probe  
  54  5:21  Assimilator  
  54  5:28  Gateway  
  54  5:34  Probe x2  
  56  5:37  Stalker  
  58  5:44  Pylon  
  58  5:51  Observer  
  58  5:52  Probe  
  60  6:02  Stalker  
  61  6:06  Stalker x2  
  62  6:14  Immortal  
  66  6:25  Stalker  
  66  6:26  Probe  
  65  6:33  Gateway x2  
  65  6:34  Stalker x2  
  65  6:36  Pylon  
  68  6:41  Pylon  
  68  6:43  Probe  
  69  6:53  Nexus  
  70  7:01  Probe  
  70  7:02  Pylon  
  70  7:05  Robotics Bay  
  70  7:13  Immortal  
  74  7:16  Probe (Chrono Boost)  
  74  7:18  Probe (Chrono Boost)  
  76  7:24  Assimilator  
  76  7:26  Stalker  
  76  7:28  Probe (Chrono Boost)  
  80  7:32  Charge, Probe (Chrono Boost)  
  80  7:33  Probe (Chrono Boost)  
  81  7:40  Probe  
  82  7:48  Probe  
  83  7:52  Probe  
  83  7:55  Protoss Ground Weapons Level 2  
  83  7:57  Pylon  
  84  8:00  Probe  
  84  8:04  Pylon, Disruptor (Chrono Boost), Probe  
  89  8:09  Gateway  
  89  8:13  Probe  
  89  8:14  Gateway  
  89  8:17  Probe  
  91  8:25  Probe  
  91  8:26  Observer, Probe  
  93  8:29  Gateway x2  
  93  8:33  Zealot x2  
  97  8:34  Templar Archives  
  97  8:37  Probe  
  97  8:38  Pylon  
  97  8:39  Probe  
  99  8:42  Disruptor  
  96  8:48  Probe  
  96  8:52  Stalker  
  86  9:08  Probe (Chrono Boost)  
  86  9:09  Probe x2 (Chrono Boost)  
  88  9:22  Probe (Chrono Boost)  
  88  9:23  Zealot x2  
  93  9:30  Stalker  
  93  9:32  Observer  
  93  9:35  Probe (Chrono Boost)  
  93  9:38  Assimilator  
  95  9:40  Assimilator  
  95  9:42  Probe (Chrono Boost)  
  95  9:43  Probe (Chrono Boost)  
  97  9:52  Probe (Chrono Boost)  
  98  9:53  Photon Cannon, Probe (Chrono Boost)  
  98  9:54  Shield Battery, Probe (Chrono Boost)  
  98  9:57  Probe (Chrono Boost)  
  101  10:00  Photon Cannon  
  101  10:07  Disruptor  
  101  10:12  Photon Cannon, Probe  
  104  10:20  Zealot x3  
  110  10:27  Probe  
  111  10:40  Zealot x4  
  110  10:42  Disruptor (Chrono Boost)  
  110  10:44  Zealot x2  
  115  10:51  Probe x2  
  115  10:54  Protoss Ground Weapons Level 3 (Chrono Boost)  
  115  10:56  Probe  
  118  11:03  Probe x2  
  120  11:08  Probe  
  119  11:15  Disruptor (Chrono Boost), Probe  
  119  11:16  Probe  
  119  11:17  Shield Battery  
  119  11:20  High Templar  
  119  11:21  Pylon, Probe  
  119  11:23  Pylon  
  119  11:24  Pylon  
  125  11:37  Nexus, Pylon  
  125  11:40  High Templar x3  
  131  11:47  Probe  
  131  11:49  Archon x2  
  132  11:56  Nexus  
  132  11:57  Pylon  
  132  11:59  Disruptor (Chrono Boost), Probe  
  132  12:00  Observer, Probe  
  134  12:06  Robotics Facility  
  137  12:08  High Templar  
  137  12:09  High Templar  
  137  12:13  Archon  
  137  12:14  Probe  
  140  12:25  Shield Battery, Photon Cannon, High Templar x2  
  140  12:27  Pylon  
  140  12:28  Photon Cannon  
  144  12:30  Shield Battery  
  144  12:32  Archon  
  144  12:34  Disruptor  
  147  12:38  Probe x2  
  147  12:40  Dark Shrine  
  147  12:42  Pylon  
  149  12:46  Probe  
  149  12:50  Probe  
  141  13:01  Probe  
  141  13:03  Probe x2  
  141  13:04  Nexus  
  144  13:06  Photon Cannon  
  144  13:07  Stalker x6  
  144  13:08  Photon Cannon  
  132  13:39  Disruptor (Chrono Boost)  
  107  13:45  Disruptor (Chrono Boost)  
  86  13:49  Stalker x2  
  86  13:50  Stalker x8  
  86  13:53  Probe  
  104  13:58  Assimilator  
  104  14:01  Probe  
  104  14:02  Assimilator  
  104  14:14  Zealot x5  
  104  14:15  Zealot x4  
  83  14:26  Zealot  
  78  14:35  Zealot x4  
  78  14:38  Stalker x2  
  78  14:43  Zealot  
  78  14:44  Probe  
Show
View Real Time Build Order
Export as new Build Order

Strange Protoss - Winner!

Build Orders: Blink Stalkers 

Get SALT Encoding   

  12  0:00  Probe  
  13  0:12  Probe  
  14  0:17  Pylon  
  14  0:24  Probe (Chrono Boost)  
  16  0:37  Gateway, Probe (Chrono Boost)  
  16  0:42  Probe (Chrono Boost)  
  16  0:46  Assimilator  
  17  0:52  Probe (Chrono Boost)  
  17  0:55  Assimilator  
  18  1:04  Probe (Chrono Boost)  
  18  1:08  Gateway  
  19  1:13  Probe (Chrono Boost)  
  20  1:18  Probe  
  20  1:24  Cybernetics Core  
  21  1:30  Probe  
  22  1:35  Pylon  
  22  1:43  Probe  
  23  1:55  Probe  
  23  1:58  Warp Gate (Chrono Boost)  
  23  2:00  Stalker  
  23  2:01  Stalker  
  28  2:07  Probe  
  29  2:17  Pylon  
  29  2:19  Probe  
  30  2:27  Shield Battery  
  30  2:43  Nexus  
  30  2:53  Twilight Council  
  30  2:56  Probe  
  31  3:06  Shield Battery  
  32  3:12  Probe  
  32  3:13  Shield Battery  
  32  3:19  Pylon  
  32  3:27  Robotics Facility  
  32  3:31  Shield Battery  
  32  3:32  Blink (Chrono Boost)  
  32  3:40  Stalker  
  34  3:46  Stalker  
  36  3:55  Probe x2  
  38  4:07  Probe x2  
  40  4:14  Stalker x2  
  40  4:21  Probe (Chrono Boost)  
  40  4:22  Probe (Chrono Boost)  
  41  4:24  Observer  
  41  4:33  Probe (Chrono Boost)  
  43  4:39  Probe (Chrono Boost)  
  43  4:41  Probe (Chrono Boost)  
  43  4:43  Stalker  
  47  4:45  Probe (Chrono Boost)  
  44  4:55  Probe  
  43  5:03  Probe (Chrono Boost)  
  43  5:05  Pylon  
  44  5:11  Forge  
  44  5:12  Probe (Chrono Boost)  
  46  5:14  Stalker  
  46  5:15  Probe (Chrono Boost)  
  46  5:18  Observer  
  50  5:21  Probe x2 (Chrono Boost)  
  51  5:31  Probe (Chrono Boost)  
  51  5:33  Stalker  
  55  5:35  Probe (Chrono Boost)  
  55  5:38  Probe (Chrono Boost)  
  55  5:41  Assimilator  
  55  5:42  Probe  
  57  5:43  Protoss Ground Weapons Level 1 (Chrono Boost)  
  57  5:46  Probe  
  58  5:54  Probe  
  58  5:55  Pylon  
  59  5:58  Probe  
  58  6:13  Probe  
  57  6:19  Stalker x2  
  57  6:26  Probe (Chrono Boost)  
  57  6:30  Observer  
  57  6:32  Probe (Chrono Boost)  
  60  6:35  Probe (Chrono Boost)  
  60  6:36  Nexus  
  60  6:38  Pylon  
  60  6:39  Probe (Chrono Boost)  
  62  6:44  Dark Shrine  
  62  6:46  Assimilator  
  62  6:47  Probe  
  62  6:50  Probe  
  64  6:57  Pylon  
  64  6:59  Probe  
  64  7:01  Sentry  
  67  7:02  Probe  
  67  7:06  Stalker  
  70  7:11  Pylon, Probe  
  70  7:15  Probe  
  71  7:24  Probe  
  71  7:27  Probe  
  73  7:31  Gateway  
  73  7:32  Gateway  
  73  7:33  Protoss Ground Weapons Level 2 (Chrono Boost)  
  73  7:36  Probe  
  74  7:37  Shield Battery  
  74  7:40  Probe  
  73  7:47  Stalker  
  73  7:48  Probe  
  76  7:56  Dark Templar  
  76  7:58  Probe x2  
  79  8:00  Probe  
  81  8:10  Photon Cannon, Probe x2  
  81  8:12  Probe  
  84  8:13  Dark Templar  
  85  8:22  Probe  
  85  8:23  Probe  
  86  8:28  Dark Templar x2  
  86  8:32  Probe  
  91  8:34  Probe  
  91  8:35  Probe  
  91  8:37  Immortal  
  97  8:44  Probe  
  97  8:47  Gateway  
  98  8:48  Gateway  
  98  9:02  Probe  
  99  9:06  Probe  
  99  9:08  Immortal  
  96  9:14  Stalker x3  
  96  9:15  Stalker  
  96  9:16  Charge (Chrono Boost), Probe  
  103  9:17  Assimilator  
  107  9:25  Pylon  
  107  9:26  Protoss Ground Weapons Level 3 (Chrono Boost), Gateway  
  105  9:35  Gateway  
  105  9:47  Stalker x6  
  105  9:51  Pylon  
  117  9:53  Pylon  
  117  9:58  Pylon  
  117  9:59  Pylon  
  117  10:12  Zealot x2  
  117  10:13  Zealot x4  
  129  10:25  Pylon  
  119  10:46  Stalker x8  
  123  11:02  Observer  
  123  11:03  Nexus, Photon Cannon  
  122  11:18  Zealot  
  122  11:19  Zealot x7  
  137  11:35  Probe x2  
  137  11:39  Robotics Bay  
  139  11:41  Robotics Facility  
  133  11:48  Protoss Ground Armor Level 1 (Chrono Boost)  
  133  11:49  Probe  
  133  11:50  Probe  
  133  11:53  Pylon, Photon Cannon  
  135  11:55  Shield Battery  
  135  11:59  Photon Cannon  
  135  12:05  Zealot x6  
  147  12:12  Shadow Stride  
  147  12:14  Assimilator  
  147  12:23  Probe x2  
  147  12:25  Photon Cannon  
  147  12:26  Disruptor x2 (Chrono Boost), Photon Cannon  
  147  12:28  Shield Battery  
  153  12:37  Shield Battery, Photon Cannon  
  153  12:50  Zealot  
  153  12:51  Zealot x3  
  143  13:00  Zealot x4  
  143  13:01  Disruptor  
  143  13:02  Disruptor  
  153  13:17  Zealot x4  
  155  13:29  Zealot  
  155  13:30  Zealot x3  
  156  13:39  Observer, Stalker  
  156  13:40  Stalker x3  
  122  13:49  Immortal  
  122  13:54  Stalker x4  
  134  13:58  Gateway  
  134  13:59  Gateway  
  134  14:01  Observer  
  129  14:11  Zealot x4  
  125  14:22  Observer  
  113  14:25  Zealot x4  
  110  14:41  Dark Templar x4  
  114  14:47  Dark Templar x4  

Tags
 
Add a new tag
Caveats
  • Supply blocks, unpowered buildings, or Contaminate may cause inaccurate times.
  • Supply counts are checked every 10 seconds.